 Dungeon Crawl Stone Soup version 0.31-a0-1376-g36f0627844 (webtiles) character file.

Game seed: 6629449279090635499

1838267 Glaciallarry the Conqueror (level 27, 323/323 HPs)
             Began as an Oni Gladiator on Dec 23, 2023.
             Was an Initiate of Gozag.
             Escaped with the Orb
             ... and 3 runes
             ... and 1 gem on Dec 24, 2023!
             The game lasted 04:05:50 (63546 turns).

Glaciallarry the Conqueror (Oni Gladiator)         Turns: 63546, Time: 04:05:50

Health: 323/323    AC: 29    Str: 37    XL:     27
Magic:  23/23      EV: 10    Int: 13    God:    Gozag
Gold:   1968       SH: 19    Dex: 14    Spells: 26/26 levels left

rFire   + + +        j - +9 demon whip (heavy)
rCold   + + .        M - +5 kite shield {rC+}
rNeg    + . .        n - +9 scales of the Dragon King {rPois rF+ rC+ Will+}
rPois   +            c - +2 hat
rElec   +            G - +2 cloak of Vicaqol {rPois Str+3}
rCorr   .            (gloves unavailable)
SInv    +            (boots unavailable)
Will    ++++.        U - amulet of Vitality {RegenMP++ Regen++} Stlth
                     J - ring of the Ladybird {rElec Will+ Dex+2 Slay+2 SInv}
HPRegen 2.33/turn    R - ring "Naoble" {rF+ rN+ Str+6}
MPRegen 0.98/turn

%: clarity
@: no status effects
A: large, unfitting armour, horns 1, tough skin 1, double potion healing,
drunken brawling, talons 1, clarity, deformed body, deterioration 1, fire
resistance 1, weak 1
0: Orb of Zot
}: 3/15 runes: decaying, serpentine, silver
a: Renounce Religion, Potion Petition, Call Merchant, Bribe Branch


You escaped.
You worshipped Gozag.
Gozag was most pleased with you.
You visited 9 branches of the dungeon, and saw 47 of its levels.
You also visited: Gauntlet, Ice Cave and Desolation.

You collected 30799 gold pieces.
You spent 5536 gold pieces at shops.
You paid 23295 gold pieces to Gozag.

Inventory:

Hand Weapons
 j - a +9 heavy demon whip (weapon)
 v - a +3 antimagic morningstar
Missiles
 a - 114 large rocks (quivered)
 d - 5 throwing nets
 K - 8 curare-tipped darts
 V - 7 boomerangs
 Z - 6 silver javelins
Armour
 c - a +2 hat (worn)
 n - the +9 scales of the Dragon King (worn) {rPois rF+ rC+ Will+}
   (You found it on level 5 of the Vaults)

   rF+:       It protects you from fire.
   rC+:       It protects you from cold.
   rPois:     It protects you from poison Will+: It increases your willpower.
 G - the +2 cloak of Vicaqol (worn) {rPois Str+3}
   (You found it in a Gauntlet)

   Str+3:     It affects your strength (+3).
   rPois:     It protects you from poison
 M - a +5 kite shield of cold resistance (worn)
Jewellery
 J - the ring of the Ladybird (left hand) {rElec Will+ Dex+2 Slay+2 SInv}
   (You bought it in a shop on level 1 of the Depths)

   [ring of willpower]

   Dex+2:     It affects your dexterity (+2).
   Slay+2:    It affects your accuracy & damage with ranged weapons and melee
   (+2).
   rElec:     It insulates you from electricity.
   Will+:     It increases your willpower.
   SInv:      It lets you see invisible.
 R - the ring "Naoble" (right hand) {rF+ rN+ Str+6}
   (You took it off an efreet on level 15 of the Dungeon)

   [ring of strength]

   Str+6:     It affects your strength (+6).
   rF+:       It protects you from fire.
   rN+:       It protects you from negative energy.
 U - the amulet of Vitality (around neck) {RegenMP++ Regen++}
   (You found it in a Gauntlet)

   [amulet of magic regeneration]

   RegenMP:   It increases your rate of magic regeneration.
   Regen++:   It increases your rate of health regeneration.
Wands
 b - a wand of flame (113)
 e - a wand of digging (37)
 o - a wand of light (21)
 r - a wand of roots (21)
 w - a wand of charming (43)
Scrolls
 f - 3 scrolls of immolation
 m - 8 scrolls of teleportation
 q - 4 scrolls of fear
 s - 7 scrolls of blinking
 A - 5 scrolls of butterflies
 D - 6 scrolls of vulnerability
 E - a scroll of torment
 F - 5 scrolls of silence
 L - 7 scrolls of poison
 O - 8 scrolls of fog
 W - 8 scrolls of noise
Potions
 g - 9 potions of lignification
 h - a potion of resistance
 i - 4 potions of berserk rage
 l - 5 potions of cancellation
 p - 5 potions of heal wounds
 B - 15 potions of mutation
 C - 2 potions of invisibility
 H - 7 potions of brilliance
 I - 11 potions of attraction
 N - 9 potions of curing
 P - 2 potions of enlightenment
 Q - 8 potions of ambrosia
 X - 2 potions of might
Miscellaneous
 u - a tin of tremorstones (2/2)
 z - a phantom mirror
 S - a phial of floods


   Skills:
 O Level 27 Fighting
 - Level 18.4 Maces & Flails
 + Level 25.7 Throwing
 - Level 15.0 Armour
 - Level 14.0 Dodging
 - Level 8.0 Stealth
 - Level 18.0 Shields
 - Level 11.0 Evocations


You had 26 spell levels left.
You didn't know any spells.
Your spell library contained the following spells:

 Spells                   Type           Power      Damage    Failure   Level
 Apportation              Tloc           0%         N/A       98%         1
 Foxfire                  Conj/Fire      0%         2x1d4     98%         1
 Freeze                   Ice            0%         1d3       98%         1
 Kiss of Death            Conj/Necr      0%         2d5       98%         1
 Magic Dart               Conj           0%         1d3       98%         1
 Necrotise                Necr           0%         1d4       98%         1
 Sandblast                Erth           0%         2d4       98%         1
 Shock                    Conj/Air       0%         1d3       98%         1
 Sting                    Conj/Alch      0%         1d3       98%         1
 Summon Small Mammal      Summ           0%         N/A       98%         1
 Blink                    Tloc           0%         N/A       99%         2
 Call Imp                 Summ           0%         N/A       99%         2
 Cigotuvi's Dreadful Rot  Necr/Alch/Air  0%         N/A       99%         2
 Ensorcelled Hibernation  Hex/Ice        0%         N/A       99%         2
 Jinxbite                 Hex            0%         N/A       99%         2
 Lesser Beckoning         Tloc           0%         N/A       99%         2
 Mercury Vapours          Alch/Air       0%         N/A       99%         2
 Sublimation of Blood     Necr           0%         N/A       99%         2
 Call Canine Familiar     Summ           0%         N/A       100%        3
 Confusing Touch          Hex            0%         N/A       100%        3
 Frozen Ramparts          Ice            0%         1d1       100%        3
 Fugue of the Fallen      Necr           0%         N/A       100%        3
 Gell's Gravitas          Tloc           0%         N/A       100%        3
 Hailstorm                Conj/Ice       0%         3d5       100%        3
 Ozocubu's Armour         Ice            0%         N/A       100%        3
 Sigil of Binding         Hex            0%         N/A       100%        3
 Swiftness                Air            0%         N/A       100%        3
 Teleport Other           Tloc           0%         N/A       100%        3
 Vampiric Draining        Necr           0%         2d6       100%        3
 Volatile Blastmotes      Fire/Tloc      0%         2d10      100%        3
 Airstrike                Air            0%         2d(0-16)  100%        4
 Anguish                  Hex/Necr       0%         N/A       100%        4
 Animate Armour           Summ/Erth      0%         N/A       100%        4
 Dimensional Bullseye     Hex/Tloc       0%         N/A       100%        4
 Dispel Undead            Necr           0%         3d6       100%        4
 Fulminant Prism          Conj/Alch      0%         3d5       100%        4
 Ignite Poison            Fire/Alch      0%         N/A       100%        4
 Iskenderun's Mystic Bla  Conj/Tloc      0%         2d3       100%        4
 Leda's Liquefaction      Alch/Erth      0%         N/A       100%        4
 Manifold Assault         Tloc           0%         N/A       100%        4
 Olgreb's Toxic Radiance  Alch           0%         N/A       100%        4
 Passage of Golubria      Tloc           0%         N/A       100%        4
 Petrify                  Alch/Erth      0%         N/A       100%        4
 Sticky Flame             Fire/Alch      0%         2d4       100%        4
 Summon Ice Beast         Ice/Summ       0%         N/A       100%        4
 Summon Lightning Spire   Summ/Air       0%         N/A       100%        4
 Vhi's Electric Charge    Tloc/Air       0%         N/A       100%        4
 Agony                    Necr           0%         N/A       100%        5
 Alistair's Intoxication  Alch           0%         N/A       100%        5
 Arcjolt                  Conj/Air       0%         1d10      100%        5
 Borgnjor's Vile Clutch   Necr/Erth      0%         N/A       100%        5
 Freezing Cloud           Conj/Ice/Air   0%         6-21      100%        5
 Irradiate                Conj/Alch      0%         3d11      100%        5
 Iskenderun's Battlesphe  Conj           0%         2d6       100%        5
 Metabolic Englaciation   Hex/Ice        0%         N/A       100%        5
 Silence                  Hex/Air        0%         N/A       100%        5
 Summon Forest            Summ/Tloc      0%         N/A       100%        5
 Summon Mana Viper        Hex/Summ       0%         N/A       100%        5
 Bombard                  Conj/Erth      0%         9d1       100%        6
 Conjure Ball Lightning   Conj/Air       0%         3x3d6     100%        6
 Death Channel            Necr           0%         N/A       100%        6
 Dispersal                Tloc           0%         N/A       100%        6
 Plasma Beam              Fire/Air       0%         2x1d10    100%        6
 Summon Cactus Giant      Summ           0%         N/A       100%        6
 Haunt                    Necr/Summ      0%         N/A       100%        7
 Malign Gateway           Summ/Tloc      0%         N/A       100%        7
 Monstrous Menagerie      Summ           0%         N/A       100%        7
 Ozocubu's Refrigeration  Ice            0%         4d7       100%        7
 Spellforged Servitor     Conj/Summ      0%         N/A       100%        7
 Discord                  Hex            0%         N/A       100%        8
 Ignition                 Fire           0%         3d3       100%        8
 Infestation              Necr           0%         N/A       100%        8
 Lehudib's Crystal Spear  Conj/Erth      0%         10d2      100%        8
 Maxwell's Capacitive Co  Air            0%         ∞         100%        8
 Chain Lightning          Conj/Air       0%         N/A       100%        9
 Death's Door             Necr           0%         N/A       100%        9
 Polar Vortex             Ice            0%         N/A       100%        9
 Animate Dead             Necr           Unusable   N/A       N/A         4
 Simulacrum               Ice/Necr       Unusable   N/A       N/A         6

Dungeon Overview and Level Annotations

Branches:
Dungeon (15/15)            Temple (0/1) D:7            Lair (5/5) D:11
  Swamp (4/4) Lair:3        Snake (4/4) Lair:2        Slime (0/5) Lair:5
    Orc (2/2) D:10            Elf (3/3) Orc:2        Vaults (5/5) D:13
  Crypt (0/3) Vaults:2     Depths (4/4) D:15            Zot (5/5) Depths:4
  IceCv (visited)         Desolation (visited)      Gauntlet (visited)

Altars:
Dithmenos
Fedhas
Gozag
Kikubaaqudgha
Nemelex Xobeh
Okawaru
Sif Muna
Uskayaw
Vehumet
Wu Jian
Xom
Yredelemnul
Zin
The Shining One

Shops:
D:3 (!=?   D:5 :   D:7 !   D:9 *   D:15 !**   Orc:2 (?[***   Snake:3 *
Vaults:5 =   Depths:1 :=:

Portals:
Hell: Depths:1 Depths:2 Depths:3 Depths:4
Abyss: Depths:3
Pandemonium: Depths:2
Ziggurat: Depths:2

Annotations:
Swamp:1 Roxanne
Depths:4 5 runed translucent doors


Innate Abilities, Weirdness & Mutations

You are too large for most types of armour.
You have a pair of small horns on your head.
You have tough skin. (AC +1)
You gain doubled healing and magic from potions.
Whenever you drink a healing potion, you attack all around you.
You have sharp toenails.
You possess an exceptional clarity of mind.
Armour fits poorly on your strangely shaped body.
Your body sometimes deteriorates upon taking damage.
Your flesh is heat resistant. (rF+)
You are weak. (Str -2)


Message History

You barely miss the Orb Guardian.
You claw the Orb Guardian, but do no damage.
The Orb Guardian is almost dead.
You block the Orb Guardian's attack.
You punish the Orb Guardian, causing immense pain!!!
You kill the Orb Guardian!
The reaper completely misses you.
You thrash the reaper!! You claw the reaper, but do no damage.
You headbutt the reaper, but do no damage.
The reaper is moderately wounded.
You block the reaper's attack.
You thrash the reaper!! You claw the reaper. You headbutt the reaper.
The reaper is almost dead.
The reaper hits you with a +5 scythe of venom.
The reaper drags you backwards!
You are poisoned.
You punish the reaper, causing immense pain!!!
You kill the reaper!
You feel very sick.
You feel sick.
There is a stone staircase leading up here.
You feel sick.
You climb upwards.
You feel sick.
There is a stone staircase leading down here.
Aiming: Dig
Press: ? - help, Shift-Dir - straight line You can't see that place. [the floor.]
The rock shatters into small pieces.
You feel sick.
You feel sick.
You feel sick.
You feel sick.
There is a staircase leading out of the dungeon here.
You start resting.
You feel sick.
You are no longer poisoned.
You start resting.
HP restored.
You start waiting.
A rust devil comes into view.
You have escaped!

#....# #....# #....#
#....#
#....###############
#..>................
#...)...............
###.################
#@..PP#.P##
#.~PP~.~..#####
#~≈..≈4..~....###
#≈.~P..P...P....##
#PP....PPP......P#
#.....P.≈~......P#
#..P...P~..PP....~
#P...P.P.....P~~..
#..........P...PP.


You could see a rust devil.

Vanquished Creatures
  An ancient lich (Zot:5)
  2 orbs of fire (Zot:5)
  Mennas (Vaults:2)
  A juggernaut (Depths:4)
  Saint Roka (Orc:2)
  The ghost of Hulu the Metallomancer, a veteran GrEE of Ashenzari (Depths:3)
  3 Killer Klowns
  5 caustic shrikes (Depths:4)
  A curse toe (Zot:3)
  Margery (Vaults:5)
  3 golden dragons
  6 bone dragons (Depths:4)
  2 electric golems
  A hellephant (Zot:4)
  17 tentacled monstrosities
  Jorgrun (Elf:1)
  A Brimstone Fiend (D:2)
  A walking crystal tome (Depths:3)
  Rupert (D:15)
  2 walking earthen tomes (Depths:3)
  6 Orb Guardians
  3 liches
  2 deep elf master archers (Elf:3)
  Asterion (Snake:2)
  A walking divine tome (Depths:3)
  The ghost of Wueresid the Spry, an adept DEHW of Sif Muna (Vaults:2)
  6 quicksilver dragons
  A titan (Vaults:5)
  3 deep elf blademasters
  A searing wretch (Vaults:5)
  Frances (D:13)
  2 sphinxes (Vaults:3)
  3 death cobs
  11 shadow dragons
  Kirke (Swamp:3)
  A revenant (Vaults:2)
  6 tengu reavers
  Donald (Vaults:3)
  17 storm dragons
  Aizul (Vaults:1)
  3 draconian knights
  4 draconian monks (Zot:3)
  6 protean progenitors
  A fenstrider witch (Swamp:2)
  10 nagarajas (Snake:4)
  A draconian shifter (Zot:2)
  5 fire giants
  12 frost giants
  4 iron dragons
  A deep elf sorcerer (Vaults:5)
  2 hydra zombies (Swamp:4)
  3 ghost moths
  20 vault wardens
  3 imperial myrmidons (Desolation)
  5 draconian scorchers
  2 caustic shrike zombies (Depths:2)
  Louise (Swamp:2)
  2 draconian stormcallers (Zot:3)
  3 draconian annihilators
  An orc warlord (Orc:1)
  7 deep elf elementalists
  An angel (Depths:3)
  2 ghouls (Swamp:4)
  16 ironbound preservers
  A reaper (D:2)
  3 cacodemons (Vaults:2)
  11 stone giants
  4 spriggan defenders (Depths:3)
  3 war gargoyles
  A demonspawn blood saint (D:14)
  8 green draconians
  29 very ugly things
  2 formless jellyfish (Vaults:4)
  A broodmother (Zot:3)
  3 vampire knights
  5 ironbound thunderhulks
  6 eleionomae
  6 deep elf demonologists
  11 white draconians
  A lorocyproca (D:13)
  5 deep elf annihilators
  15 dire elephants
  8 red draconians
  Azrael (D:13)
  9 deep elf death magi
  7 yellow draconians
  A minotaur (Gauntlet)
  2 halazid warlocks (Desolation)
  2 spark wasps (Depths:1)
  2 bunyips (Swamp:3)
  6 black draconians
  5 purple draconians
  15 ettins
  3 blizzard demons
  A jiangshi (Vaults:2)
  A merfolk impaler (Depths:2)
  3 deep elf high priests
  4 entropy weavers
  7 ragged hierophants
  6 shambling mangroves
  14 yaktaur captains
  12 fire dragons
  8 great orbs of eyes
  5 crystal guardians
  Erolcha (D:12)
  5 servants of whispers (Desolation)
  6 catoblepae
  17 hydras
  A caustic shrike simulacrum (IceCv)
  36 vault guards
  9 peacekeepers
  An alligator (shapeshifter) (Vaults:1)
  A salamander tyrant (Snake:4)
  8 boulder beetles
  5 rakshasas
  2 ogre magi
  11 ironbound frosthearts
  4 spriggan air magi
  9 anacondas
  18 centaur warriors
  12 alligators
  A death knight (D:15)
  7 ice dragons
  A two-headed ogre (shapeshifter) (Elf:2)
  3 deep troll shamans
  12 tengu warriors
  13 naga warriors
  10 two-headed ogres
  33 dancing weapons
  15 death yaks
  A vampire mage (Depths:3)
  6 spriggan berserkers
  19 naga sharpshooters
  5 deep troll earth magi
  An occultist (Depths:1)
  9 shock serpents
  6 hell knights
  16 deep elf knights
  A shadow wraith (Vaults:4)
  2 iron trolls (Depths:2)
  A soul eater (D:2)
  A sixfirhy (Depths:2)
  2 skysharks (Lair:5)
  8 skeletal warriors
  5 goliath frogs
  2 deep trolls (shapeshifter)
  4 glowing orange brains
  7 spriggan druids
  A cherub (D:2)
  A golden dragon zombie (Depths:2)
  7 swamp dragons
  A sea snake (shapeshifter) (Depths:3)
  2 spectral hydras (Swamp:4)
  3 bog bodies
  57 deep trolls
  4 arcanists
  5 naga ritualists
  4 orc knights
  A flayed ghost (Depths:4)
  An obsidian statue (IceCv)
  A glowing orange brain (shapeshifter) (Vaults:3)
  A swamp dragon (shapeshifter) (Vaults:5)
  18 ironbound convokers
  10 phantasmal warriors
  Pikel (D:5)
  10 spriggan simulacra (IceCv)
  14 deep elf archers
  5 mana vipers
  32 deep elf zephyrmancers
  35 deep elf pyromancers
  12 lindwurms
  4 necromancers
  3 oklob plants (Swamp:4)
  2 orc sorcerers (Orc:2)
  19 cyclopes
  25 ugly things
  A stone giant zombie (Vaults:2)
  Maurice (D:10)
  3 wolf spiders
  A cyclops (shapeshifter) (Vaults:2)
  A moth of wrath (shapeshifter) (Depths:4)
  A stone giant skeleton (Vaults:2)
  A water nymph (shapeshifter) (Vaults:2)
  13 salamanders
  12 manticores
  A salamander (shapeshifter) (Vaults:2)
  A will-o-the-wisp (Swamp:1)
  21 moths of wrath
  12 guardian serpents
  A rust devil (Depths:4)
  14 elephants
  An ice statue (D:9)
  23 naga magi
  A human skeleton (Vaults:2)
  6 kobold blastminers (Orc:2)
  19 vault sentinels
  43 black mambas
  A smoke demon (D:2)
  2 torpor snails
  An unseen horror (shapeshifter) (Vaults:2)
  11 freezing wraiths
  10 cane toads
  5 komodo dragons
  A kobold demonologist (D:15)
  3 rime drakes
  12 ice devils (IceCv)
  A hellion (Depths:2)
  A tormentor (Depths:2)
  3 efreet
  29 yaktaurs
  An anaconda simulacrum (IceCv)
  11 tengu conjurers
  2 golden dragon simulacra (IceCv)
  12 trolls
  3 death drake zombies (Swamp:4)
  A troll (shapeshifter) (Vaults:2)
  A merfolk (shapeshifter) (Vaults:2)
  A bloated husk (Swamp:3)
  2 polar bears
  7 tyrant leeches
  Grinder (D:3)
  An alligator simulacrum (IceCv)
  Prince Ribbit (D:5)
  17 hornets
  A queen bee (Lair:2)
  3 glass eyes
  A tarantella (shapeshifter) (Vaults:2)
  9 blink frogs
  A raiju (Gauntlet)
  38 saltlings
  A hydra skeleton (Swamp:4)
  2 raiju (shapeshifter)
  A death drake skeleton (Swamp:4)
  A dream sheep (shapeshifter) (Vaults:4)
  7 air elementals
  27 slime creatures
  12 spriggans
  A shadow (D:13)
  A vampire (D:10)
  5 water elementals
  A centaur simulacrum (D:12)
  A spriggan (shapeshifter) (D:15)
  2 wraiths
  16 humans (D:13)
  An elf zombie (Vaults:2)
  A ynoxinul (Depths:2)
  2 dire elephant simulacra (IceCv)
  48 yaks
  5 steam dragons
  Sigmund (D:3)
  7 basilisks
  A warg (shapeshifter) (Vaults:2)
  5 wyverns
  5 wargs
  7 fire elementals
  Grum (D:8)
  4 redbacks
  18 vampire mosquitoes
  5 minotaur simulacra (IceCv)
  Menkaure (D:4)
  2 harpy simulacra (IceCv)
  19 swamp worms
  A glowing shapeshifter zombie (Depths:2)
  An ogre zombie (Vaults:2)
  Edmund (D:4)
  4 acid dragons
  47 nagas
  5 hydra simulacra
  Duvessa (D:5)
  4 hell hounds (D:13)
  17 water moccasins
  A black bear (D:5)
  3 swamp drakes (Swamp:4)
  34 orc warriors
  A meliai simulacrum (D:15)
  An ettin simulacrum (IceCv)
  An ice beast (D:8)
  17 wolves
  A laughing skull (Vaults:2)
  16 ogres
  An ogre (shapeshifter) (D:15)
  A boggart (shapeshifter) (Vaults:2)
  A phantom (D:5)
  6 centaurs
  A lemure (D:5)
  7 bullfrogs
  3 kobold brigands
  5 earth elementals
  2 scorpions (D:5)
  5 deep troll simulacra (IceCv)
  A gnoll sergeant (D:8)
  A hornet simulacrum (D:15)
  5 wights
  Dowan (D:5)
  A lindwurm simulacrum (IceCv)
  22 killer bees
  3 electric eels
  5 howler monkeys (D:7)
  3 lava snakes (Lair:2)
  5 hounds
  3 jellies
  28 orc priests
  A sleepcap (D:6)
  An iguana (D:7)
  Ijyb (D:3)
  Terence (D:2)
  25 orc wizards
  20 hell rats
  A lightning spire (Gauntlet)
  Robin (D:4)
  7 gnolls
  5 river rats
  5 adders
  2 shadow imps
  4 white imps
  3 bombardier beetles
  6 ufetubi
  2 worms
  2 dart slugs (D:2)
  85 orcs
  4 bats
  11 endoplasms
  A giant cockroach (D:3)
  14 goblins
  8 hobgoblins
  3 jackals (D:1)
  A quokka (D:5)
  11 ball pythons
  A frilled lizard (D:2)
  18 kobolds
  10 rats
  3 aspiring fleshes
2194 creatures vanquished.

Vanquished Creatures (collateral kills)
  A dread lich (Zot:5)
  An ancient lich (Zot:5)
  2 Killer Klowns (Zot:5)
  An electric golem (Zot:5)
  15 Orb Guardians (Zot:5)
  A storm dragon (Zot:5)
  A green draconian (Zot:5)
  3 black draconians (Zot:5)
  A white draconian (Zot:5)
  A purple draconian (Zot:5)
  An orc warrior (Orc:1)
  A swamp dragon zombie (Swamp:4)
  An orc wizard (Orc:1)
  6 orcs (Orc:1)
36 creatures vanquished.

Vanquished Creatures (others)
  Nikola (Snake:1)
  An electric golem (Zot:5)
  7 Orb Guardians (Zot:5)
  A death cob (Zot:5)
  A fire giant (D:15)
  A deep elf sorcerer (Elf:3)
  A draconian monk (Zot:5)
  A deep elf elementalist (Elf:3)
  A draconian stormcaller (Zot:5)
  An ironbound preserver (Vaults:3)
  A yellow draconian (Zot:5)
  A black draconian (Zot:5)
  A deep troll (Vaults:1)
  A phantasmal warrior (Vaults:5)
  An obsidian statue (Zot:5)
  A moth of wrath (Zot:5)
  A bloated husk (Swamp:1)
  2 humans (Swamp:3)
  An orc wizard (D:10)
  A bombardier beetle (D:6)
  6 foxfires (Swamp:1)
33 creatures vanquished.

Grand Total: 2263 creatures vanquished

Notes
Turn   | Place    | Note
-------+----------+-------------------------------------------
     0 | D:1      | Glaciallarry the Oni Gladiator began the quest for the Orb.
     0 | D:1      | Reached XP level 1. HP: 22/22 MP: 1/1
    82 | D:1      | Reached XP level 2. HP: 16/29 MP: 2/2
   755 | D:2      | Reached skill level 1 in Stealth
   810 | D:2      | Reached XP level 3. HP: 36/36 MP: 3/3
   947 | D:2      | Noticed Terence
   962 | D:2      | Killed Terence
   963 | D:2      | Reached XP level 4. HP: 31/44 MP: 4/4
  1391 | D:3      | Found a faded altar of an unknown god.
  1403 | D:3      | Prayed at the altar of an unknown god.
  1403 | D:3      | Became a worshipper of Gozag Ym Sagoz the Greedy
  1465 | D:3      | Found Gayxkamp's Distillery.
  1480 | D:3      | Bought a potion of heal wounds for 50 gold pieces
  1480 | D:3      | Bought a potion of curing for 30 gold pieces
  1583 | D:3      | Noticed Ijyb
  1589 | D:3      | Killed Ijyb
  1590 | D:3      | Reached XP level 5. HP: 46/50 MP: 5/5
  1674 | D:3      | Noticed Sigmund
  1683 | D:3      | Killed Sigmund
  1684 | D:3      | Reached skill level 3 in Fighting
  1684 | D:3      | Reached XP level 6. HP: 56/61 MP: 6/6
  1955 | D:3      | Noticed Grinder
  1970 | D:3      | Reached skill level 4 in Fighting
  1977 | D:3      | Killed Grinder
  1978 | D:3      | Reached skill level 5 in Fighting
  1978 | D:3      | Reached XP level 7. HP: 72/72 MP: 7/7
  1998 | D:3      | Found Daigg's Weapon Shop.
  2001 | D:3      | Bought a +0 mace of venom for 78 gold pieces
  2066 | D:3      | Found Kuidupt's Jewellery Emporium.
  2101 | D:3      | Found Buirrejiti's Magic Scroll Emporium.
  2110 | D:3      | Bought a scroll of identify for 22 gold pieces
  2279 | D:4      | Noticed Robin
  2310 | D:4      | Killed Robin
  2396 | D:4      | Noticed Edmund
  2417 | D:4      | Killed Edmund
  2430 | D:4      | Found an ornate altar of the Wu Jian Council.
  2657 | D:4      | Noticed Menkaure
  2672 | D:4      | Killed Menkaure
  2673 | D:4      | Reached XP level 8. HP: 33/83 MP: 8/8
  2695 | D:4      | Reached skill level 6 in Fighting
  3178 | D:5      | Entered Level 5 of the Dungeon
  3358 | D:5      | Noticed Duvessa
  3364 | D:5      | Noticed Dowan
  3453 | D:5      | Found Loaxuga's Tiny Tomes.
  3461 | D:5      | Reached skill level 7 in Fighting
  3608 | D:5      | Found a glowing golden altar of the Shining One.
  3617 | D:5      | Reached skill level 8 in Fighting
  3807 | D:5      | Killed Duvessa
  3823 | D:5      | Killed Dowan
  3824 | D:5      | Reached skill level 9 in Fighting
  4386 | D:5      | Noticed Prince Ribbit
  4404 | D:5      | Reached skill level 10 in Fighting
  4409 | D:5      | Killed Prince Ribbit
  4410 | D:5      | Reached skill level 1 in Evocations
  4410 | D:5      | Reached XP level 9. HP: 93/101 MP: 9/9
  4575 | D:5      | Noticed Pikel
  4592 | D:5      | Killed Pikel
  4820 | D:3      | Bought a scroll of vulnerability for 44 gold pieces
  4820 | D:3      | Bought a scroll of enchant weapon for 82 gold pieces
  4820 | D:3      | Bought a scroll of revelation for 82 gold pieces
  4867 | D:3      | Bought a potion of brilliance for 40 gold pieces
  4867 | D:3      | Bought 2 potions of attraction for 60 gold pieces
  4867 | D:3      | Bought a potion of berserk rage for 50 gold pieces
  4867 | D:3      | Bought a potion of might for 40 gold pieces
  4867 | D:3      | Bought a potion of curing for 30 gold pieces
  5504 | D:6      | Reached skill level 5 in Dodging
  5588 | D:6      | Found a radiant altar of Vehumet.
  5593 | D:6      | Found a blossoming altar of Fedhas.
  6089 | D:6      | Found a shadowy altar of Dithmenos.
  6265 | D:3      | Bought a scroll of identify for 22 gold pieces
  6265 | D:3      | Bought a scroll of identify for 22 gold pieces
  6265 | D:3      | Bought a scroll of identify for 22 gold pieces
  6265 | D:3      | Bought a scroll of identify for 22 gold pieces
  6361 | D:7      | Found a staircase to the Ecumenical Temple.
  6561 | D:7      | Reached XP level 10. HP: 97/110 MP: 10/10
  6757 | D:7      | Reached skill level 10 in Maces & Flails
  6973 | D:7      | Found Qeok's Distillery.
  7056 | D:7      | Bought a potion of heal wounds for 60 gold pieces
  7056 | D:7      | Bought a potion of curing for 36 gold pieces
  7056 | D:7      | Bought a potion of mutation for 96 gold pieces
  7125 | D:7      | Reached skill level 11 in Fighting
  7788 | D:8      | Reached skill level 12 in Fighting
  8029 | D:8      | Noticed Grum
  8051 | D:8      | Killed Grum
  8449 | D:8      | Noticed a two-headed ogre
  8456 | D:8      | Killed a two-headed ogre
  8562 | D:8      | Reached XP level 11. HP: 94/123 MP: 11/11
  8766 | D:8      | Found a sparkling altar of Nemelex Xobeh.
  9232 | D:3      | Bought a scroll of identify for 22 gold pieces
  9396 | D:9      | Found an opulent altar of Gozag.
  9499 | D:9      | Found Kierappu's Fire Supplies.
  9604 | D:9      | Reached skill level 13 in Fighting
 10101 | D:9      | Found an ancient bone altar of Kikubaaqudgha.
 10409 | D:10     | Entered Level 10 of the Dungeon
 10505 | D:10     | Reached skill level 14 in Fighting
 10676 | D:10     | Found a staircase to the Orcish Mines.
 11046 | D:10     | Noticed a two-headed ogre
 11057 | D:10     | Killed a two-headed ogre
 11156 | D:10     | Noticed Maurice
 11168 | D:10     | Something stole a ring of protection from fire
 11169 | D:10     | Something stole 5 throwing nets
 11171 | D:10     | Killed Maurice
 11321 | D:10     | Reached skill level 5 in Evocations
 11597 | D:10     | Identified the +5 scale mail "Bemu" {rC++ Stlth-}
 11695 | D:11     | Noticed a death yak
 11714 | D:11     | Noticed a death yak
 11714 | D:11     | Noticed a death yak
 11729 | D:11     | Killed a death yak
 11741 | D:11     | Killed a death yak
 11748 | D:11     | Killed a death yak
 11749 | D:11     | Reached skill level 15 in Fighting
 11751 | D:11     | Reached XP level 12. HP: 103/141 MP: 12/12
 11757 | D:11     | Found a staircase to the Lair.
 11970 | D:11     | Noticed an eight-headed hydra
 11980 | D:11     | Killed an eight-headed hydra
 12421 | Lair:1   | Entered Level 1 of the Lair of Beasts
 12551 | Lair:1   | Found a shimmering blue altar of Sif Muna.
 12639 | Lair:1   | Noticed a catoblepas
 12662 | Lair:1   | Killed a catoblepas
 12874 | Lair:1   | Noticed a catoblepas
 12890 | Lair:1   | Killed a catoblepas
 12902 | Lair:1   | Identified the granite talisman "Jokoobap" {Str+3}
 13106 | Lair:1   | Reached skill level 16 in Fighting
 13350 | Lair:1   | Noticed a death yak
 13364 | Lair:1   | Killed a death yak
 13464 | Lair:1   | Noticed a catoblepas
 13464 | Lair:1   | Noticed a dire elephant
 13513 | Lair:1   | Found a runed translucent door.
 15012 | Lair:2   | Found a staircase to the Snake Pit.
 15740 | Lair:3   | Found a gate leading to a gauntlet.
 15757 | Gauntlet | Entered a Gauntlet
 15757 | Gauntlet | Found a transporter.
 15763 | Gauntlet | Noticed a hell beast
 15766 | Gauntlet | Found a transporter.
 15782 | Gauntlet | Found a transporter.
 15786 | Gauntlet | Found a transporter.
 15806 | Gauntlet | Found a transporter.
 15819 | Gauntlet | Found a transporter.
 15822 | Gauntlet | Noticed a six-headed hydra
 15824 | Gauntlet | Found a transporter.
 15828 | Gauntlet | Found a transporter.
 15855 | Gauntlet | Found a transporter.
 15863 | Gauntlet | Found a transporter.
 15863 | Gauntlet | Found a transporter.
 15874 | Gauntlet | Found a transporter.
 15995 | Gauntlet | Identified the ring "Buzxuisa" {Fly Str+6 Dex+3}
 16025 | Gauntlet | Killed a six-headed hydra
 16026 | Gauntlet | Reached XP level 13. HP: 108/152 MP: 13/13
 16042 | Gauntlet | Identified the +1 hat "Ejofifun" {+Inv Will- Dex+4}
 16046 | Gauntlet | Identified the +2 cloak of Vicaqol {rPois Str+3}
 16071 | Gauntlet | Found the amulet of Vitality {RegenMP++ Regen++}
 16071 | Gauntlet | Noticed a minotaur
 16088 | Gauntlet | Killed a minotaur
 16314 | Gauntlet | Got Sif Muna's Folio of Chilling Direction
 16579 | D:9      | Identified the +7 flail of Lies {drain, rPois rF- Str+7}
 16930 | Lair:3   | Found a staircase to the Swamp.
 17314 | Lair:3   | Reached skill level 17 in Fighting
 18030 | Lair:4   | Reached skill level 18 in Fighting
 18169 | Lair:4   | You fall into a shaft and drop 1 floor!
 18169 | Lair:5   | Entered Level 5 of the Lair of Beasts
 18745 | Lair:5   | Found a staircase to the Slime Pits.
 18752 | Lair:5   | Reached skill level 15 in Maces & Flails
 19032 | Lair:5   | Reached XP level 14. HP: 150/169 MP: 14/14
 19367 | Lair:5   | Reached skill level 5 in Stealth
 20624 | D:7      | Bought a potion of experience for 600 gold pieces
 20866 | D:12     | Noticed Erolcha
 20876 | D:12     | Killed Erolcha
 20977 | D:12     | Reached skill level 10 in Dodging
 21994 | D:13     | Found a gate to the Vaults.
 22013 | D:13     | Noticed Frances
 22015 | D:13     | Reached skill level 19 in Fighting
 22015 | D:13     | Reached XP level 15. HP: 90/180 MP: 15/15
 22018 | D:12     | Reached skill level 20 in Fighting
 22018 | D:12     | Reached XP level 16. HP: 99/195 MP: 16/16
 22087 | D:13     | Killed Frances
 22404 | D:13     | Noticed Azrael
 22422 | D:13     | Killed Azrael
 23315 | D:14     | Reached skill level 10 in Evocations
 23695 | Orc:1    | Entered Level 1 of the Orcish Mines
 23967 | Orc:1    | Reached skill level 21 in Fighting
 24722 | Orc:1    | Identified the +8 halberd of the Lair of Beasts {pain,
                  | rPois rF++ rCorr Dex+3}
 24915 | Orc:2    | Entered Level 2 of the Orcish Mines
 24979 | Orc:2    | Found a staircase to the Elven Halls.
 25241 | Orc:2    | Found Yhiuze's Specific Store.
 25242 | Orc:2    | Found Cerep's General Store.
 25640 | Orc:2    | Noticed Saint Roka
 25666 | Orc:2    | Killed Saint Roka
 25667 | Orc:2    | Reached XP level 17. HP: 93/208 MP: 17/17
 25732 | Orc:2    | Identified a scroll of acquirement
 25735 | Orc:2    | Found Gidekky's Antique Armour Shop.
 25739 | Orc:2    | Found Ruiq's Antique Weapon Boutique.
 25872 | Orc:2    | Found Emaxah's Magic Scroll Emporium.
 25880 | Orc:2    | Reached skill level 22 in Fighting
 26104 | Orc:2    | Bought a scroll of immolation for 56 gold pieces
 26104 | Orc:2    | Bought a scroll of teleportation for 42 gold pieces
 26104 | Orc:2    | Bought a scroll of immolation for 56 gold pieces
 26272 | Orc:2    | Found Akuenatz's General Store.
 26327 | Orc:2    | Bought a potion of curing for 39 gold pieces
 26327 | Orc:2    | Bought a potion of might for 52 gold pieces
 26327 | Orc:2    | Bought a potion of invisibility for 104 gold pieces
 26327 | Orc:2    | Bought a potion of mutation for 104 gold pieces
 26814 | D:15     | Entered Level 15 of the Dungeon
 26851 | D:15     | Noticed Rupert
 26871 | D:15     | Killed Rupert
 27128 | D:15     | Found Kaqen's Assorted Antiques.
 27149 | D:15     | Bought a potion of curing for 78 gold pieces
 27149 | D:15     | Bought a wand of light (4) for 436 gold pieces
 27149 | D:15     | Bought a potion of lignification for 78 gold pieces
 27149 | D:15     | Bought a scroll labelled PUZILA LIMODU for 26 gold pieces
 27152 | D:15     | Acquired 795 gold pieces
 27435 | D:15     | Identified the ring "Naoble" {rF+ rN+ Str+6}
 27748 | D:15     | Found Zeat's Distillery.
 27767 | D:15     | Bought a potion of curing for 54 gold pieces
 27767 | D:15     | Bought a potion of curing for 54 gold pieces
 27767 | D:15     | Bought a potion of might for 72 gold pieces
 27767 | D:15     | Bought a potion of mutation for 144 gold pieces
 27767 | D:15     | Bought a potion of might for 72 gold pieces
 27767 | D:15     | Bought a potion of invisibility for 144 gold pieces
 27933 | D:15     | Found Diahag Asel's Assorted Antiques.
 27954 | D:15     | Identified the serpent talisman "Lerchink" {rF+ rC++ Will-
                  | Str+3}
 27985 | D:15     | Reached skill level 1 in Armour
 27993 | D:15     | Identified the +1 battleaxe of Wu Jian's Displeasure
                  | {freeze, Int+4 Stlth+}
 28026 | D:15     | Found a staircase to the Depths.
 28092 | D:15     | Found a transporter.
 28274 | D:15     | Identified the ring "Ipi Qash" {Ice Str+3 Int-5 Slay+2
                  | Stlth+}
 28317 | D:15     | HP: 10/208 [frost giant/bolt of cold (48)]
 28420 | D:15     | Found a transporter.
 28480 | D:15     | Reached skill level 5 in Armour
 28492 | D:15     | Identified the ring of Adammyw {MP+9 Str-2 Int+8 Dex-4
                  | Stlth+}
 28680 | D:15     | Identified the death talisman "Hiuhuedgh" {MP+9}
 28930 | D:15     | Bought twisted ice dragon scales for 1690 gold pieces
 28930 | D:15     | Identified the +0 ice dragon scales of Ilisofeu {Rampage
                  | rF- rC++ Int+3 Dex+2} (You bought it in a shop on level 15
                  | of the Dungeon)
 29097 | Swamp:1  | Entered Level 1 of the Swamp
 29477 | Swamp:1  | Noticed Roxanne
 30229 | Swamp:2  | Reached XP level 18. HP: 188/218 MP: 18/18
 30324 | Swamp:2  | Noticed Louise
 30336 | Swamp:2  | Killed Louise
 30587 | Swamp:2  | Identified the +0 robe of Bokhaa {rF++ rN+ Will+ Str+2}
 30779 | Swamp:3  | Noticed Kirke
 30790 | Swamp:3  | Killed Kirke
 31388 | Swamp:4  | Entered Level 4 of the Swamp
 31526 | Swamp:4  | Reached skill level 10 in Armour
 31642 | Swamp:4  | Found a blossoming altar of Fedhas.
 31808 | Swamp:4  | Found a basalt altar of Yredelemnul.
 31816 | Swamp:4  | Identified the +0 chain mail of Anarchy {rC+}
 31864 | Swamp:4  | Got a mossy gem with 34 turns to spare
 31864 | Swamp:4  | Got a decaying rune of Zot
 31897 | Swamp:4  | Lost the mossy gem through the power of Zot.
 32238 | Snake:1  | Entered Level 1 of the Snake Pit
 32445 | Snake:1  | Noticed Nikola
 32462 | Snake:1  | Killed Nikola
 32555 | Snake:1  | Reached skill level 5 in Throwing
 32561 | Snake:1  | Reached XP level 19. HP: 225/226 MP: 19/19
 33585 | Snake:2  | Identified the +1 kite shield of Focus {Fly}
 33585 | Snake:2  | Noticed Asterion
 33600 | Snake:2  | Killed Asterion
 34672 | Snake:3  | Found Foenest's Neck Hole.
 35163 | Snake:3  | Reached skill level 10 in Throwing
 35208 | Snake:4  | Entered Level 4 of the Snake Pit
 35209 | Snake:4  | Found a hide-covered altar of Uskayaw.
 36230 | Snake:4  | Reached XP level 20. HP: 235/236 MP: 20/20
 36696 | Snake:4  | Got a serpentine rune of Zot
 36932 | Vaults:1 | Entered Level 1 of the Vaults
 37221 | Vaults:1 | Identified the serpent talisman of Light {rElec rF+ Str+3
                  | Stlth-}
 37221 | Vaults:1 | Noticed Aizul
 37231 | Vaults:1 | Killed Aizul
 37379 | Vaults:1 | Reached skill level 15 in Throwing
 37959 | Vaults:1 | Upgraded the game from 0.31-a0-1363-g282adc679d to
                  | 0.31-a0-1376-g36f0627844
 38189 | Vaults:1 | Reached skill level 1 in Shields
 38460 | Vaults:2 | Noticed Mennas
 38479 | Vaults:2 | Killed Mennas
 38640 | Vaults:2 | Reached skill level 5 in Shields
 38717 | Vaults:2 | Found a runed translucent gate.
 38717 | Vaults:2 | Found a runed translucent gate.
 38717 | Vaults:2 | Found a runed translucent gate.
 38866 | Vaults:2 | Gained mutation: Armour fits poorly on your strangely
                  | shaped body. [a cacodemon]
 39051 | Vaults:2 | Found a staircase to the Crypt.
 39589 | Vaults:2 | Reached XP level 21. HP: 49/225 MP: 21/21
 40572 | Vaults:2 | Gained mutation: You are frail. (-10% HP) [a cacodemon]
 40581 | Vaults:2 | Lost mutation: You are frail. (-10% HP) [potion of
                  | mutation]
 40581 | Vaults:2 | Lost mutation: Armour fits poorly on your strangely shaped
                  | body. [potion of mutation]
 40581 | Vaults:2 | Gained mutation: Your flesh is heat resistant. (rF+)
                  | [potion of mutation]
 40581 | Vaults:2 | Gained mutation: You possess an exceptional clarity of
                  | mind. [potion of mutation]
 41253 | Vaults:3 | Reached skill level 10 in Shields
 41263 | Vaults:3 | Noticed Donald
 41275 | Vaults:3 | Killed Donald
 42866 | Vaults:4 | Reached skill level 23 in Fighting
 42899 | Vaults:4 | Found a crumbling gateway.
 42956 | Desolati | Entered the Desolation of Salt
 43029 | Desolati | Reached XP level 22. HP: 133/260 MP: 22/22
 43106 | Desolati | Identified the +0 plate armour "Koak" {Slay+4}
 43328 | Desolati | Identified the ring of Viug {rF+ Will- Dex+4 SInv}
 43506 | Desolati | Got Bisminol's Directory of the Luminous Familiar
 43514 | Desolati | Got Netaupt's Compilation of the Grave and the Flock
 43524 | Desolati | Got the Compendium of Amassed Haze
 43553 | Desolati | Got Xaameh's Incunabulum of the Meteoric Gift
 44347 | Vaults:4 | Paralysed by a formless jellyfish for 1 turns
 45129 | Vaults:4 | Paralysed by a formless jellyfish for 1 turns
 45313 | Vaults:5 | Entered Level 5 of the Vaults
 45320 | Vaults:5 | Noticed Margery
 45376 | Vaults:5 | Noticed a golden dragon
 45392 | Vaults:5 | Killed Margery
 45397 | Vaults:5 | Killed a golden dragon
 45433 | Vaults:5 | Reached skill level 24 in Fighting
 45583 | Vaults:5 | Reached XP level 23. HP: 186/271 MP: 23/23
 45983 | Vaults:5 | Reached skill level 25 in Fighting
 46023 | Vaults:5 | Identified the +9 falchion "Leinughu" {heavy, Int+2}
 46171 | Vaults:5 | Found the +9 scales of the Dragon King {rPois rF+ rC+
                  | Will+}
 46590 | Vaults:5 | Got the Codex of Displacement and Topomancy
 46592 | Vaults:5 | Identified the staff "Death Rattle" {^Drain rCorr Dex+3
                  | Conj Tloc}
 46601 | Vaults:5 | Identified the +1 pair of gloves of the Stallion {Int+7
                  | Dex-5}
 46706 | Vaults:5 | Identified the ring "Iwitucez" {Str+2 Slay+4 SInv}
 46780 | Vaults:5 | Found Qostrylatt's Jewellery Shoppe.
 46793 | Vaults:5 | Got a silver rune of Zot
 47561 | Depths:1 | Entered Level 1 of the Depths
 47734 | Depths:1 | Found Kutomoiff's Book Shop.
 47734 | Depths:1 | Found Lapnebb's Jewellery Shoppe.
 47735 | Depths:1 | Found Jamob's Book Shop.
 47742 | Depths:1 | Bought the ring of the Ladybird {rElec Will+ Dex+2 Slay+2
                  | SInv} for 725 gold pieces
 47821 | Depths:1 | Found a gateway to Hell.
 48607 | Depths:2 | Found a one-way gate leading to the halls of Pandemonium.
 48814 | Depths:2 | Found a one-way gateway to a ziggurat.
 49071 | Depths:2 | Reached skill level 15 in Armour
 49459 | Elf:1    | Entered Level 1 of the Elven Halls
 49546 | Elf:1    | Found a frozen archway.
 49566 | IceCv    | Entered an ice cave
 49626 | IceCv    | Reached XP level 24. HP: 286/286 MP: 23/23
 49841 | IceCv    | Found the +3 Mad Mage's Maulers {Infuse+∞ VampMP -Cast}
 49965 | IceCv    | Identified the +9 mace of Arbitration {flame, Int+5}
 50272 | IceCv    | Got Siul's Spellbook of the Icicle
 50276 | IceCv    | Identified the +8 morningstar "Haini" {venom, rPois rF+++
                  | Int-5 Stlth+}
 50631 | Elf:1    | Noticed Jorgrun
 50638 | Elf:1    | Killed Jorgrun
 51116 | Elf:1    | Got the Encyclopedia of Immolation
 51142 | Elf:1    | Got the Book of Frost
 51159 | Elf:1    | Got Sif Muna's Atlas of Metal
 51263 | Elf:1    | Identified the +0 orcbow "Qiat" {drain, +Blink Will+}
 51521 | Elf:2    | Paralysed by an air elemental for 1 turns
 51686 | Elf:2    | Acquired 469 gold pieces
 51879 | Elf:2    | Paralysed by an air elemental for 1 turns
 51978 | Elf:2    | Found a shimmering blue altar of Sif Muna.
 52033 | Elf:2    | Found the +10 tower shield of Ignorance {rN+ Int-4}
 52095 | Elf:2    | Found a runed translucent gate.
 52095 | Elf:2    | Found a runed translucent gate.
 52104 | Elf:2    | Found a runed translucent gate.
 52738 | Elf:3    | Entered Level 3 of the Elven Halls
 53496 | Elf:3    | Identified the ring "Juba" {rF+ rC- Str+5}
 53505 | Elf:3    | Identified the ring "Nutol" {Fire *Slow rPois Str+3 Stlth+}
 53546 | Elf:3    | Reached skill level 15 in Shields
 53546 | Elf:3    | Gained mutation: You have sharp toenails. [a neqoxec]
 53547 | Elf:3    | Identified the orb "Tozesad" {guile, Rampage ^Drain Str-3
                  | Earth}
 53560 | Elf:3    | Reached XP level 25. HP: 156/295 MP: 23/23
 53635 | Elf:3    | Identified the +9 quarterstaff "Bung" {venom, rElec rN+
                  | Stlth+}
 53635 | Elf:3    | Identified the +1 robe of the Orb {Rampage Str+5}
 53754 | Elf:3    | Got the Atlas of Volcanic Pollution
 53768 | Elf:3    | Got the Parchment of the Sepulchral Entourage
 53769 | Elf:3    | Identified the staff of Honesty {rF+ Int+3 Dex+2 Fire}
 53770 | Elf:3    | Identified the +10 orcbow "Majan" {antimagic, rPois Will-
                  | Str+2 Int+6}
 54972 | Depths:3 | Found a one-way gate to the infinite horrors of the Abyss.
 55176 | Depths:3 | Found a runed translucent door.
 55176 | Depths:3 | Found a shimmering altar of Xom.
 55176 | Depths:3 | Noticed Hulu's ghost (veteran GrEE)
 55439 | Depths:3 | Found an iron altar of Okawaru.
 56021 | Vaults:2 | Found a runed translucent gate.
 56021 | Vaults:2 | Found a runed translucent gate.
 56029 | Vaults:2 | Found a runed translucent gate.
 56029 | Vaults:2 | Noticed Wueresid's ghost (adept DEHW)
 56053 | Vaults:2 | Killed Wueresid's ghost
 56220 | Vaults:2 | Gained mutation: Your body sometimes deteriorates upon
                  | taking damage. [mutagenic glow]
 56706 | Depths:3 | Killed Hulu's ghost
 56748 | Depths:4 | Entered Level 4 of the Depths
 57085 | Depths:4 | Noticed a juggernaut
 57093 | Depths:4 | Killed a juggernaut
 57306 | Depths:4 | Found a glowing silver altar of Zin.
 57530 | Depths:4 | Reached XP level 26. HP: 204/305 MP: 23/23
 57685 | Depths:4 | Found a runed translucent door.
 57699 | Depths:4 | Found a runed translucent door.
 57700 | Depths:4 | Found a runed translucent door.
 57745 | Depths:4 | Found a runed translucent door.
 57752 | Depths:4 | Found a runed translucent door.
 57822 | Depths:4 | Found a runed translucent door.
 57823 | Depths:4 | Found a gate to the Realm of Zot.
 58761 | Zot:1    | Entered Level 1 of the Realm of Zot
 59729 | Zot:2    | Reached skill level 26 in Fighting
 60165 | Zot:2    | Identified the amulet of Wodoz {Reflect rF+ rC- Str-5 Int+5
                  | SH+5}
 60307 | Zot:2    | You fall into a shaft and drop 1 floor!
 60452 | Zot:3    | Identified the +1 scale mail "Jatak" {Int+3}
 60457 | Zot:3    | Reached skill level 27 in Fighting
 61809 | Zot:4    | Noticed a Killer Klown
 61816 | Zot:4    | Killed a Killer Klown
 61817 | Zot:4    | Reached XP level 27. HP: 265/304 MP: 23/23
 62445 | Zot:5    | Entered Level 5 of the Realm of Zot
 62843 | Zot:5    | Noticed a dread lich
 62851 | Zot:5    | Noticed an orb of fire
 62853 | Zot:5    | Noticed a dread lich
 62854 | Zot:5    | Noticed an ancient lich
 62856 | Zot:5    | Noticed an orb of fire
 62880 | Zot:5    | Killed an ancient lich
 62882 | Zot:5    | Noticed an orb of fire
 62884 | Zot:5    | Identified the +0 buckler of Ketat {*Slow Fly Str+2}
 62887 | Zot:5    | Noticed an orb of fire
 62899 | Zot:5    | Killed an orb of fire
 62900 | Zot:5    | Gained mutation: You are weak. (Str -2) [an orb of fire]
 62905 | Zot:5    | Gained mutation: Armour fits poorly on your strangely
                  | shaped body. [an orb of fire]
 62907 | Zot:5    | Killed an orb of fire
 62908 | Zot:5    | Noticed an ancient lich
 62919 | Zot:5    | Got the Orb of Zot
 62926 | Zot:5    | Killed an ancient lich
 63546 | D:$      | Escaped with the Orb!

Illustrated notes

Levels and vault maps discovered:
D:1:      lemuel_arrival_muddy, layout_basic, st_stairs_12
D:2:      minmay_spotlight, layout_basic, uniq_terence
D:3:      layout_loops_cross, ebering_ecumenical_altar_mist, serial_shops, shop,
          nicolae_shop_rolling_square, shop, shop,
          nicolae_houndstooth_variations, uniq_grinder, uniq_ijyb, uniq_sigmund
D:4:      layout_loops_cross, pdpol_wu_jian_five_deadly_venoms, uniq_menkaure,
          uniq_robin, uniq_edmund
D:5:      layout_loops_corners, tso_altar, serial_co_window_serial,
          co_window_paths_a, co_window_corner_a, co_window_paths_b,
          co_window_paths_b, co_window_of_opportunity_a, co_window_corner_ca,
          co_window_cross_4, co_window_of_opportunity_b,
          co_window_of_opportunity_b, co_window_paths_c, co_window_paths_d,
          glass_columns_c, nicolae_shop_i_like_small_books_too, uniq_pikel,
          uniq_prince_ribbit1, uniq_duvessa
D:6:      layout_basic, minitemple, general_overflow_altar
D:7:      layout_cave_pools, minmay_temple_entry_statues_fountains,
          chequers_serial_rivers_micro_e, nicolae_inconvenience_store
D:8:      layout_gridville, nemelex_diamond_rough_becter, uniq_grum
D:9:      layout_basic, grunt_gozag_breadcrumbs, kennysheep_mini_moat,
          hangedman_abyss_or_decor_lesser_grid, nicolae_shop_fire_sale
          [nicolae_sub_dead_trees], minivault_15
D:10:     layout_stronghold, orc_0_dummy, evilmike_minifort, uniq_maurice
D:11:     layout_roguey, dpeg_lair_monsters
D:12:     minmay_inside_and_out, layout_basic, st_stairs_2, uniq_erolcha
D:13:     layout_cave_pools, david_vaults_3, uniq_azrael, uniq_frances
D:14:     layout_basic
D:15:     hangedman_spin_cycle, uniq_rupert
Lair:1:   gammafunk_lair_enchanted_lake, layout_chaotic_city, basic_altar,
          grunt_forest_large_clearing_hut
Lair:2:   layout_gridlike, nicolae_snake_entry_warm_welcome, special_room
          [special_room_bee]
Lair:3:   layout_cave_pods, minmay_swamp_entry_worms, gauntlet_entry_generic
Lair:4:   layout_cave_pods
Lair:5:   evilmike_catoblepas_cave, layout_cellular_growth, slime_entry_1,
          kennysheep_abandoned_house
Swamp:1:  layout_falls_marsh, nicolae_swamp_dense_foliage, swamp_pool_1_2,
          hangedman_swamp_cone, uniq_roxanne
Swamp:2:  layout_basic_swamp, evilmike_swamp_ruin_house_1,
          nicolae_swamp_tree_isthmus, uniq_louise
Swamp:3:  nicolae_swamp_secret_spriggan_hideout, layout_falls_marsh,
          evilmike_swamp_ruin_house_4, uniq_kirke
Swamp:4:  byrel_swamp_growth_death_and_undeath, layout_basic_swamp, swamp_pool_3
Snake:1:  layout_concentric_octagons, uniq_nikola
Snake:2:  layout_chambers, grunt_megastairs_5, uniq_asterion
Snake:3:  layout_grid_shapes, serial_library_hellmonk_angled_corner,
          nicolae_shop_sticking_my_neck_out
Snake:4:  grunt_snake_rune_spirals, layout_onion_interference, basic_altar
Orc:1:    giant_chief_lemuel, layout_diamond_mine, serial_shops,
          nicolae_shop_bloodbath_and_beyond
Orc:2:    grunt_orc_community_town_hall, layout_caves,
          grunt_orc_community_big_house_1, grunt_orc_community_big_house_1,
          grunt_orc_community_house_3, grunt_orc_community_house_2,
          grunt_orc_community_house_3, grunt_orc_community_house_2,
          grunt_orc_community_house_2, nicolae_specific_store
Elf:1:    layout_gridlike, portal_ice_cave_entry_pillars_2,
          nicolae_elf_blasts_and_bolts, grunt_ministairs_13,
          nicolae_elf_elemental_lessons, uniq_jorgrun
Elf:2:    elven_hall_of_blades_hangedman_original
          [nicolae_blade_entry_pointy_end], layout_gridlike, basic_altar,
          nicolae_elf_big_sculpture_1
Elf:3:    elf_hall, layout_geoelf_diagonals, nicolae_elf_big_sculpture_1
Vaults:1: v_misc_28, ontoclasm_vaults_gateway,
          nicolae_vaults_diffraction_hallways, nicolae_vaults_tetromino_L_2,
          nicolae_vaults_cochlea, layout_vaults_omnigrid, uniq_aizul
Vaults:2: ploomutoo_gammafunk_ghost_potion_laboratory, v_misc_10,
          minmay_crypt_entry_simple_round, v_misc_24, v_misc_10, st_diamondy,
          vaults_room_grid, vaults_dpeg_diagonal, ontoclasm_vaults_ligature,
          nicolae_vaults_tetromino_Z_1, nicolae_vaults_trapezoid_4,
          nicolae_vaults_spaceships, nicolae_vaults_sightless_eye,
          nicolae_vaults_house_1, layout_vaults_omnicross, uniq_mennas
Vaults:3: nicolae_vaults_twisting_passages, grunt_vaults_swirl,
          nicolae_vaults_puzzle_piece, nicolae_vaults_network_quinsquares
          [nicolae_vaults_network_quincunx_subvault,
          nicolae_vaults_network_quincunx_subvault,
          nicolae_vaults_network_quincunx_subvault,
          nicolae_vaults_network_quincunx_subvault],
          nicolae_vaults_crenellated_ambush, grunt_vaults_trifunnel,
          nicolae_vaults_layer_cake_slice, ontoclasm_vaults_eye,
          nicolae_vaults_diagonal_hallway_6, vaults_room_grid,
          layout_vaults_big_room, uniq_donald
Vaults:4: portal_desolation_entry_nicolae_nacl, v_misc_26,
          hangedman_vaults_restitches, v_alt_pattern_2,
          nicolae_vaults_lopsided_apartments, nicolae_vaults_storage_closets_2,
          v_alt_pattern_6, vaults_mumra_minichess, grunt_vaults_diagonal,
          ontoclasm_vaults_twist, nicolae_vaults_double_plus_1,
          ontoclasm_vaults_ring_square, vaults_room_semicircle,
          grunt_vaults_bifocal, layout_vaults_maze
Vaults:5: uniq_margery
Depths:1: layout_cave_shapes, hell_entry, solitary_fountain,
          kennysheep_generic_room_10, serial_bayou_shore_b, minmay_shop_grove
Depths:2: nicolae_BIG_FREAKIN_CUBE, layout_gridville, enter_ziggurat_f,
          grunt_pan_entry_zigzag, hell_entry, minmay_crystal_water,
          minmay_door_square, minmay_staircase_windowed_small
Depths:3: minmay_the_grid_plus_closed [minmay_the_grid_minigrid_large,
          minmay_the_grid_box_x, minmay_the_grid_pillar_ring,
          minmay_the_grid_eight, minmay_the_grid_prize_big_room],
          layout_small_grid, pf_vacation_house_of_asmodeus, abyss_entry,
          ebering_ghost_xom, kennysheep_okawaru_gauntlet,
          infiniplex_staircase_diamond
Depths:4: evilmike_zot_entry_castle, layout_gridlike, hell_entry, zin_statuary
Zot:1:    layout_twisted_circle
Zot:2:    layout_onion
Zot:3:    nicolae_zot_stationary_front, layout_misc_corridors, drop_trap,
          grunt_megastairs_2
Zot:4:    layout_gridville, skrybe_zot_glass_1
Zot:5:    layout_twisted_circle, grunt_ministairs_3, nicolae_zig_zag_zippers

Skill      XL: |  1  2  3  4  5  6  7  8  9 10 11 12 13 14 15 16 17 18 19 20 21 22 23 24 25 26 27 |
---------------+----------------------------------------------------------------------------------+-----
Stealth        | 1 2 3 4 5 8 |  8.0
Maces & Flails | 4 6 8 9 12 14 15 16 18 | 18.4
Fighting       | 3 5 10 12 15 16 18 19 20 21 22 23 24 25 27 | 27.0
Dodging        | 3 5 7 8 10 14 | 14.0
Evocations     | 1 3 5 8 11 | 11.0
Armour         | 6 12 15 | 15.0
Throwing       | 5 13 15 16 18 19 23 24 25 | 25.7
Shields        | 7 12 14 15 16 17 18 | 18.0

Action                     |  1- 3 |  4- 6 |  7- 9 | 10-12 | 13-15 | 16-18 | 19-21 | 22-24 | 25-27 || total
---------------------------+-------+-------+-------+-------+-------+-------+-------+-------+-------++-------
  Melee: Flail             |    80 |    83 |   106 |    91 |       |       |       |       |       ||   360
         Headbutt          |    13 |    14 |    71 |   144 |   217 |   393 |   367 |   341 |   390 ||  1950
         Mace              |       |       |   272 |    81 |       |       |       |       |       ||   353
         Punch             |       |       |     6 |     6 |    14 |    17 |       |       |       ||    43
         Morningstar       |       |       |       |   495 |   699 |  1045 |       |       |       ||  2239
         Great mace        |       |       |       |       |       |   405 |   919 |       |       ||  1324
         Unarmed           |       |       |       |       |       |       |     2 |       |       ||     2
         Demon whip        |       |       |       |       |       |       |   415 |  1318 |  1186 ||  2919
         Kick              |       |       |       |       |       |       |       |     2 |   600 ||   602
  Throw: Dart              |       |     2 |     2 |     9 |    11 |     5 |       |       |     1 ||    30
         Throwing net      |       |       |     5 |       |     1 |     2 |       |       |       ||     8
         Boomerang         |       |       |     1 |     2 |       |       |       |       |       ||     3
         Large rock        |       |       |     1 |       |       |       |    21 |   106 |    39 ||   167
 Invoke: Potion Petition   |       |       |       |       |       |     5 |    17 |    12 |     2 ||    36
         Bribe Branch      |       |       |       |       |       |       |       |       |     3 ||     3
  Evoke: Wand              |       |       |     1 |     8 |    11 |    15 |     3 |     8 |     1 ||    47
         Phantom mirror    |       |       |       |       |     1 |     3 |       |       |       ||     4
         Tin of tremorston |       |       |       |       |     1 |       |       |       |     1 ||     2
         Phial of floods   |       |       |       |       |       |       |       |     1 |       ||     1
    Use: Scroll            |       |     5 |     5 |    10 |     1 |    22 |    15 |    16 |    11 ||    85
         Potion            |       |     1 |     2 |     4 |     7 |    27 |    16 |     7 |     7 ||    71
   Stab: Sleeping          |     1 |     3 |     6 |     4 |     8 |     7 |     1 |     1 |       ||    31
         Distracted        |       |       |     3 |    10 |     3 |     8 |    18 |     8 |    10 ||    60
         Invisible         |       |       |       |     2 |       |    12 |    13 |     4 |       ||    31
         Held in net/web   |       |       |       |       |       |     1 |       |       |       ||     1
         Confused          |       |       |       |       |       |     1 |       |       |     1 ||     2
         Paralysed         |       |       |       |       |       |     1 |       |       |     1 ||     2
         Fleeing           |       |       |       |       |       |       |       |     1 |       ||     1
 Armour: Robe              |    57 |    40 |   258 |   469 |   436 |   883 |       |       |       ||  2143
         Skin              |       |       |     6 |       |       |       |     4 |   114 |       ||   124
         Ice dragon scales |       |       |       |       |       |   436 |  1459 |   337 |       ||  2232
         Gold dragon scale |       |       |       |       |       |       |       |   716 |  1046 ||  1762
  Dodge: Dodged            |    43 |    19 |   184 |   285 |   314 |   739 |   707 |   308 |   283 ||  2882
  Block: Other             |     8 |    13 |    79 |   104 |     2 |       |       |       |       ||   206
         Reflection        |     1 |       |     4 |     1 |       |       |       |       |       ||     6
         Kite shield       |       |       |       |       |       |       |   355 |   803 |   910 ||  2068

Table legend: (Time is in decaauts)
 A = Elapsed time spent in this place.
 B = Non-inter-level travel time spent in this place.
 C = Inter-level travel time spent in this place.
 D = Time resting spent in this place.
 E = Time spent auto-exploring this place.
 F = Levels seen in this place.
 G = Mean time per level.
                   A        B        C        D        E       F      G
               +--------+--------+--------+--------+--------+-----+--------+
         Total |  62011 |  53162 |   8849 |   6875 |  28079 |  50 | 1240.2 |
       Dungeon |  19586 |  15768 |   3818 |   2698 |   8118 |  15 | 1305.7 |
          Lair |   7782 |   6657 |   1125 |    901 |   3979 |   5 | 1556.4 |
         Swamp |   2590 |   2430 |    160 |    174 |   1362 |   4 |  647.5 |
     Snake Pit |   4623 |   3832 |    791 |    384 |   2089 |   4 | 1155.8 |
  Orcish Mines |   2921 |   2339 |    582 |    165 |   1393 |   2 | 1460.5 |
   Elven Halls |   3546 |   3148 |    398 |     47 |   1869 |   3 | 1182.0 |
        Vaults |   9332 |   8518 |    814 |   1464 |   3931 |   5 | 1866.4 |
        Depths |   4892 |   4202 |    690 |    327 |   2419 |   4 | 1223.0 |
           Zot |   4191 |   3725 |    466 |    277 |   2182 |   5 |  838.2 |
      Ice Cave |    899 |    899 |      0 |    108 |    264 |   1 |  899.0 |
    Desolation |   1011 |   1011 |      0 |    119 |    268 |   1 | 1011.0 |
      Gauntlet |    631 |    631 |      0 |    208 |    203 |   1 |  631.0 |
               +--------+--------+--------+--------+--------+-----+--------+

Top non-repeatable levels by time:
Vaults:2: 2535 daAuts
    D:15: 2173 daAuts
  Lair:2: 2169 daAuts
  Lair:1: 1941 daAuts
Vaults:5: 1934 daAuts
  Lair:5: 1708 daAuts
    D:10: 1687 daAuts
     D:5: 1670 daAuts
Vaults:4: 1670 daAuts
Vaults:1: 1617 daAuts
Vaults:3: 1575 daAuts
Depths:4: 1506 daAuts
     D:6: 1474 daAuts
     D:8: 1465 daAuts
    D:12: 1463 daAuts
